 Dungeon Crawl Stone Soup version 0.24.0-10-g970556be89 (webtiles) character file.

Game seed: 18055899171023650708, levelgen mode: deterministic

1603 Arixos the Skirmisher (level 8, -29/64 HPs)
             Began as a Demonspawn Monk on Nov 3, 2019.
             Was a Believer of Okawaru.
             Killed from afar by a hellion (35 damage)
             ... with damnation
             ... on level 2 of the Abyss.
             The game lasted 00:15:07 (5760 turns).

Arixos the Skirmisher (Demonspawn Monk)             Turns: 5760, Time: 00:15:07

Health: -29/64     AC: 17    Str: 13      XL:     8   Next: 62%
Magic:  9/9        EV:  8    Int: 12      God:    Okawaru [**....]
Gold:   202        SH:  0    Dex: 15 (16) Spells: 7/7 levels left

rFire    . . .     SeeInvis .   z - +2 dire flail (freeze)
rCold    . . .     Gourm    .   (shield currently unavailable)
rNeg     . . .     Faith    .   q - +0 chain mail
rPois    +         Spirit   .   (no helmet)
rElec    .         Reflect  .   s - +0 cloak {rPois}
rCorr    .         Harm     .   (no gloves)
MR       .....                  (boots unavailable)
Stlth    ..........             (no amulet)
HPRegen  0.20/turn              t - +3 ring of protection
MPRegen  0.11/turn              (no ring)

@: lightly drained
A: hooves 3, iridescent scales 2
a: Heroism, Renounce Religion


You were on level 2 of the Abyss.
You worshipped Okawaru.
Okawaru was pleased with you.
You were very hungry.

You visited 2 branches of the dungeon, and saw 7 of its levels.
You visited the Abyss 1 time.

You collected 202 gold pieces.

Inventory:

Hand Weapons
 z - a +2 dire flail of freezing (weapon)
Missiles
 g - 44 poisoned darts (quivered)
Armour
 q - a +0 chain mail (worn)
 s - a +0 cloak of poison resistance (worn)
Jewellery
 t - a +3 ring of protection (left hand)
 w - an uncursed ring of flight {unknown}
Wands
 a - a wand of polymorph (9)
 y - a wand of flame (11)
Scrolls
 c - 4 scrolls of amnesia
 d - 3 scrolls of teleportation {unknown}
 f - a scroll of remove curse {unknown}
 l - 7 scrolls of identify {unknown}
 m - a scroll of blinking {unknown}
 o - a scroll of fog {unknown}
 r - a scroll of random uselessness {unknown}
 v - 2 scrolls of enchant weapon {unknown}
Potions
 e - a potion of haste {unknown}
 h - a potion of ambrosia {unknown}
 i - a potion of invisibility {unknown}
 j - a potion of agility {unknown}
 k - 2 potions of brilliance {unknown}
 n - 2 potions of might {unknown}
 p - a potion of degeneration {unknown}
 u - a potion of resistance {unknown}
 x - a potion of lignification {unknown}
Comestibles
 b - 17 rations


   Skills:
 + Level 6.1(5.7) Fighting
 + Level 4.6(4.2) Maces & Flails
 + Level 4.7(4.3) Armour
 + Level 5.6(5.2) Dodging
 - Level 1.7(1.3) Stealth
 - Level 2.6(2.3) Unarmed Combat
 * Level 1.9(1.5) Invocations


You had 7 spell levels left.
You didn't know any spells.
Your spell library was empty.

Dungeon Overview and Level Annotations

Branches:
Dungeon (6/15)             Temple (1/1) D:6

Altars:
Ashenzari
Cheibriados
Dithmenos
Elyvilon
Fedhas
Gozag
Hepliaklqana
Kikubaaqudgha
Makhleb
Nemelex Xobeh
Okawaru
Qazlal
Ru
Sif Muna
Trog
Uskayaw
Vehumet
Wu Jian
Xom
Yredelemnul
Zin
The Shining One

Shops:
D:5 :

Annotations:
D:4 1 runed translucent door, choopm's ghost, amateur MiBe
D:6 Eustachio
Abyss:1 Pikel


Innate Abilities, Weirdness & Mutations

You have hooves in place of feet.
You are mostly covered in iridescent scales. (AC +4)


Message History

Found a rapier.
A hellion comes into view.
The hellion gives a hideous shriek!
The hellion gestures at you.
The sphere of damnation explodes!
The damnation engulfs you!!
A soul eater comes into view.
The hellion gestures at you.
The sphere of damnation explodes!
The damnation engulfs you!!!
Ouch! That really hurt!
* * * LOW HITPOINT WARNING * * *
You hear an angry growl.
The soul eater draws from the surrounding life force!
* * * LOW HITPOINT WARNING * * *
As you read the scroll labeled PEDDIR MUXI, it crumbles to dust.
It is a scroll of amnesia.
You feel forgetful for a moment. The hellion gestures at you.
The sphere of damnation explodes!
The damnation engulfs you!!
Ouch! That really hurt!
You die...

.. #. #. # . #.
.#### .#.
...#.##.## ..
#...##..# .#
#.#.#.@.##.
#....2#.#..#
#...3...## ..#
#........#
#....#...# # ##
##..###..#. # #
.#####...#..#.#
. #.##......##.
#### ..#.# ....


You could see a soul eater and a hellion.

Vanquished Creatures
  A sky beast (D:5)
  3 ogres
  Blork the orc (D:6)
  A bullfrog (D:6)
  2 wights (D:6)
  A howler monkey (D:6)
  A crimson imp (D:6)
  An orc priest (D:4)
  A hound (D:6)
  A jelly (D:6)
  A bullfrog skeleton (D:2)
  Crazy Yiuf (D:3)
  5 orc wizards
  2 worker ants
  6 adders
  An ooze (D:3)
  An adder zombie (D:6)
  A worm (D:3)
  A dart slug (D:2)
  5 leopard geckos
  20 orcs
  2 giant cockroaches
  6 goblins
  3 hobgoblins
  7 kobolds
  A quokka (D:3)
  A ball python (D:2)
  5 bats
  A frilled lizard (D:4)
  A quokka skeleton (D:4)
  4 rats
88 creatures vanquished.

Vanquished Creatures (others)
  A slave (D:6)
  A centaur (D:5)
  A crimson imp (D:5)
  A centaur zombie (D:6)
  A jelly (D:5)
  A hound (D:6)
  2 orc priests (D:4)
  A worker ant (D:6)
  A dart slug (D:3)
  A leopard gecko (D:3)
  2 orcs (D:4)
  A bat (D:3)
  A rat (D:3)
15 creatures vanquished.

Grand Total: 103 creatures vanquished

Notes
Turn   | Place    | Note
-------+----------+-------------------------------------------
     0 | D:1      | Arixos the Demonspawn Monk began the quest for the Orb.
     0 | D:1      | Reached XP level 1. HP: 18/18 MP: 1/1
   405 | D:1      | Gained mutation: You have large cloven feet. [demonic
                  | ancestry]
   405 | D:1      | Reached XP level 2. HP: 22/24 MP: 2/2
   799 | D:2      | Reached skill level 1 in Armour
  1050 | D:2      | Gained mutation: You have hoof-like feet. [demonic
                  | ancestry]
  1050 | D:2      | Reached XP level 3. HP: 27/29 MP: 3/3
  1399 | D:2      | Reached skill level 1 in Maces & Flails
  1399 | D:2      | Gained mutation: You have hooves in place of feet. [demonic
                  | ancestry]
  1399 | D:2      | Reached XP level 4. HP: 32/35 MP: 4/4
  1585 | D:3      | Found a runed translucent door.
  1586 | D:3      | Noticed Crazy Yiuf
  2437 | D:3      | Killed Crazy Yiuf
  2437 | D:3      | Reached XP level 5. HP: 16/42 MP: 3/5
  2467 | D:3      | HP: 2/42 [poisoned by Crazy Yiuf]
  2872 | D:4      | Reached skill level 4 in Fighting
  2873 | D:4      | Noticed an ogre
  2900 | D:4      | Killed an ogre
  2900 | D:4      | Gained mutation: You are partially covered in iridescent
                  | scales. (AC +2) [demonic ancestry]
  2900 | D:4      | Reached XP level 6. HP: 42/49 MP: 6/6
  2968 | D:4      | Found a runed translucent door.
  2968 | D:4      | Noticed choopm's ghost (amateur MiBe)
  3289 | D:4      | Reached XP level 7. HP: 40/55 MP: 7/7
  3866 | D:5      | Entered Level 5 of the Dungeon
  3985 | D:5      | Found Vosurgh's Book Boutique.
  3990 | D:5      | Reached skill level 5 in Fighting
  4275 | D:5      | Found an ancient bone altar of Kikubaaqudgha.
  4275 | D:5      | Found a sparkling altar of Nemelex Xobeh.
  4523 | D:6      | Reached skill level 5 in Dodging
  4571 | D:6      | Gained mutation: You are mostly covered in iridescent
                  | scales. (AC +4) [demonic ancestry]
  4571 | D:6      | Reached XP level 8. HP: 63/63 MP: 8/8
  4596 | D:6      | Noticed Blork the orc
  4610 | D:6      | Killed Blork the orc
  4646 | D:6      | Noticed Pikel
  4660 | D:6      | Banished Pikel
  4660 | D:6      | Reached skill level 6 in Fighting
  4952 | D:6      | Found a staircase to the Ecumenical Temple.
  4959 | Temple   | Entered the Ecumenical Temple
  5116 | Temple   | Became a worshipper of Warmaster Okawaru
  5116 | Temple   | Reached * piety under Okawaru
  5116 | Temple   | Reached ** piety under Okawaru
  5425 | D:6      | Noticed Eustachio
  5427 | D:6      | Reached skill level 1 in Invocations
  5667 | D:6      | Cast into level 2 of the Abyss (a distortion unwield)
  5745 | Abyss:2  | Noticed a hellion
  5756 | Abyss:2  | Noticed a soul eater
  5760 | Abyss:2  | Killed from afar by a hellion

Levels and vault maps discovered:
D:1:      roderic_octagonal_star, layout_loops_ring
D:2:      layout_loops_ring, dk_vineyard_2
D:3:      layout_loops_cross, uniq_crazy_yiuf_cottage
D:4:      layout_loops_ring, gammafunk_ghost_grave
D:5:      layout_rooms, gammafunk_temple_overflow_elements, serial_rivers,
          chequers_serial_rivers_large_b, chequers_serial_rivers_marsh,
          chequers_serial_rivers_small_3, chequers_serial_rivers_micro_e,
          chequers_serial_rivers_micro_d, first_ration, serial_shops,
          nicolae_shop_waterfront, minmay_misc_feat_chi
D:6:      layout_loops_corners, minmay_temple_entry_nine_rooms,
          uniq_blork_the_orc, uniq_pikel, uniq_eustachio
Temple:   regret_index_temple_chain_breaker
Abyss:2

Skill      XL: |  1  2  3  4  5  6  7  8 |
---------------+-------------------------+-----
Dodging        | 3 4 5 |  5.6
Armour         | 1 2 3 4 |  4.7
Maces & Flails | 1 2 3 4 |  4.6
Fighting       | 4 5 6 |  6.1
Invocations    | 1 |  1.9
Stealth        | |  1.7
Unarmed Combat | |  2.6

Action                   |  1- 3 |  4- 6 |  7- 9 || total
-------------------------+-------+-------+-------++-------
Melee: Unarmed           |    25 |       |       ||    25
       Whip              |    26 |   126 |   160 ||   312
       Kick              |     6 |    28 |    43 ||    77
       Punch             |     1 |     1 |     2 ||     4
  Use: Scroll            |       |       |     1 ||     1
 Stab: Sleeping          |     7 |     1 |       ||     8
  Eat: Chunk             |     1 |     6 |     7 ||    14
Armor: Robe              |     5 |       |       ||     5
       Chain mail        |       |    43 |    95 ||   138
Dodge: Dodged            |    27 |    33 |    47 ||   107
